 Dungeon Crawl Stone Soup version 0.30-a0-165-g1891117ce2 (webtiles) character file.

Game seed: 1795220350478212042

452 ragingrage the Sneak (level 7, -2/34 HPs)
             Began as a Vine Stalker Brigand on Sept 28, 2022.
             Slain by a black bear (4 damage)
             ... on level 6 of the Dungeon.
             The game lasted 00:03:26 (3751 turns).

ragingrage the Sneak (Vine Stalker Brigand)         Turns: 3751, Time: 00:03:26

Health: -2/34      AC:  4    Str: 14    XL:     7   Next: 5%
Magic:  0/8        EV: 11    Int: 11    God:
Gold:   191        SH:  0    Dex: 17    Spells: 3/6 levels left

rFire   + . .      SeeInvis .    a - +2 dagger
rCold   + . .      Faith    .    (no shield)
rNeg    . . .      Spirit   +    b - +0 robe
rPois   .          Reflect  .    m - +0 helmet
rElec   .          Harm     .    c - +0 cloak
rCorr   .          Rampage  .    (no gloves)
Will    .....                    (no boots)
Stlth   ++++......               (no amulet)
HPRegen 0.91/turn                y - ring of protection from cold
MPRegen 0.11/turn                p - ring of protection from fire

@: no status effects
A: fangs 2, regeneration 1, magic shield, antimagic bite, no potion heal 2
a: no special abilities


You were on level 6 of the Dungeon.
You visited 1 branch of the dungeon, and saw 6 of its levels.

You collected 191 gold pieces.

Inventory:

Hand Weapons
 a - a +2 dagger (weapon)
 x - a +0 shortbow
Missiles
 d - 10 poisoned darts (quivered)
 e - 3 curare-tipped darts
Armour
 b - a +0 robe (worn)
 c - a +0 cloak (worn)
 m - a +0 helmet (worn)
 u - a +0 buckler
Jewellery
 p - a ring of protection from fire (right hand)
 y - a ring of protection from cold (left hand)
 z - an amulet of reflection
Wands
 r - a wand of roots (10)
Scrolls
 f - 2 scrolls of blinking {unknown}
 j - 5 scrolls of teleportation {unknown}
 k - a scroll of identify {unknown}
 n - a scroll of brand weapon {unknown}
 q - a scroll of vulnerability {unknown}
 s - 2 scrolls of immolation {unknown}
 t - a scroll of butterflies {unknown}
 v - a scroll of amnesia {unknown}
 w - a scroll of torment {unknown}
Potions
 g - a potion of mutation {unknown}
 h - a potion of resistance {unknown}
 i - 3 potions of curing {unknown}
 l - a potion of lignification {unknown}
 o - 2 potions of brilliance {unknown}


   Skills:
 - Level 1.7 Fighting
 + Level 4.6 Short Blades
 - Level 1.7 Throwing
 - Level 0.7 Dodging
 + Level 7.9 Stealth
 + Level 2.0 Hexes


You had 3 spell levels left.
You knew the following spells:

 Your Spells              Type           Power      Damage    Failure   Level
a - Confusing Touch       Hex            4%         N/A       43%         3

Your spell library contained the following spells:

 Spells                   Type           Power      Damage    Failure   Level
 Kiss of Death            Conj/Necr      0%         2d5       34%         1
 Dispel Undead            Necr           0%         3d6       98%         4


Dungeon Overview and Level Annotations

Branches:
Dungeon (6/15)
 Temple: D:4-7

Altars:
Kikubaaqudgha
Yredelemnul

Shops:
D:4 (


Innate Abilities, Weirdness & Mutations

You have extremely sharp teeth.
Your natural rate of healing is unusually fast.
When hurt, damage is shared between your health and your magic reserves.
Your bite disrupts and absorbs the magic of your enemies.
Potions cannot restore your health.


Message History

You bite the black bear, but do no damage.
The black bear is heavily wounded.
The black bear bites you. The black bear claws you.
The black bear claws you but does no damage.
You closely miss the black bear.
You bite the black bear, but do no damage.
The black bear is heavily wounded.
The black bear bites you. The black bear barely misses you. x2
You are too injured to fight recklessly!
You hit the black bear. Your bite misses the black bear.
The black bear is severely wounded.
The black bear bites you. The black bear closely misses you.
The black bear claws you but does no damage.
You completely miss the black bear. You bite the black bear.
You drain its power.
You feel invigorated.
The black bear is severely wounded.
You hit the black bear but do no damage.
The black bear is severely wounded.
The black bear goes berserk!
You hit the black bear. You bite the black bear. You drain its power.
The black bear is almost dead.
The black bear barely misses you.
The black bear claws you but does no damage.
The black bear claws you.
You hit the black bear but do no damage.
You bite the black bear, but do no damage.
The black bear is almost dead.
The black bear bites you! The black bear barely misses you.
The black bear claws you.
* * * LOW HITPOINT WARNING * * *
The black bear bites you.
* * * LOW HITPOINT WARNING * * *
The black bear misses you. The black bear claws you.
* * * LOW HITPOINT WARNING * * *
You barely miss the black bear.
The black bear is almost dead.
The black bear bites you.
* * * LOW HITPOINT WARNING * * *
The black bear claws you.
You die...

#################
.........)......#
##.####.#######.#
...####.# #.#
........#### #.##### #
#....)<....####.#.(. ...
..####..##.##...#h#.....
### #..##......@...#
#..#####.###.### #..# #.
.# #... .. .# ...## ##
## #.s#


You could see a black bear (berserk).

Vanquished Creatures
  A centaur (D:4)
  3 phantoms
  An iguana (D:5)
  A gnoll (D:6)
  4 adders
  A worm (D:2)
  4 dart slugs
  4 orcs
  12 ball pythons
  3 bats
  5 endoplasms
  4 giant cockroaches
  6 goblins
  5 hobgoblins
  2 jackals (D:2)
  A quokka (D:2)
  4 frilled lizards
  3 kobolds
  3 rats
  A spectral orc (D:4)
68 creatures vanquished.

Notes
Turn   | Place    | Note
-------+----------+-------------------------------------------
     0 | D:1      | ragingrage the Vine Stalker Brigand began the quest for the
                  | Orb.
     0 | D:1      | Reached XP level 1. HP: 11/11 MP: 2/2
    74 | D:1      | Reached skill level 5 in Stealth
   155 | D:1      | Reached XP level 2. HP: 14/15 MP: 3/3
   544 | D:1      | Found a faded altar of an unknown god.
  1110 | D:1      | Reached XP level 3. HP: 18/18 MP: 4/4
  1955 | D:2      | Gained mutation: Your natural rate of healing is unusually
                  | fast. [Vine Stalker growth]
  1955 | D:2      | Reached XP level 4. HP: 23/23 MP: 5/5
  2073 | D:3      | Reached skill level 6 in Stealth
  2158 | D:3      | Noticed a phantom
  2202 | D:3      | Killed a phantom
  2203 | D:3      | Reached XP level 5. HP: 3/26 MP: 0/6
  2999 | D:4      | Found Dintukk's Antique Weapon Emporium.
  3023 | D:4      | Noticed a centaur
  3038 | D:4      | Killed a centaur
  3039 | D:4      | Reached skill level 7 in Stealth
  3039 | D:4      | Reached XP level 6. HP: 24/30 MP: 5/7
  3115 | D:4      | Learned a level 3 spell: Confusing Touch
  3388 | D:4      | Found a basalt altar of Yredelemnul.
  3491 | D:4      | You fall into a shaft and drop 1 floor!
  3491 | D:5      | Entered Level 5 of the Dungeon
  3529 | D:5      | Reached skill level 1 in Hexes
  3571 | D:5      | Found an ancient bone altar of Kikubaaqudgha.
  3722 | D:6      | Reached XP level 7. HP: 29/34 MP: 8/8
  3751 | D:6      | Slain by a black bear

Illustrated notes

Levels and vault maps discovered:
D:1:      dpeg_arrival_rooms_b, layout_basic, chequers_ecumenical_altar_twisty,
          hangedman_abyss_or_decor_lesser_grid, serial_bayou_pond_e
D:2:      layout_basic
D:3:      layout_basic
D:4:      layout_gridville, yredelemnul_forgotten_temple_becter, serial_shops,
          nicolae_shop_statue_plus, corexii_corridor_pit, grunt_decor_cap,
          nrook_mini_vaults, nicolae_figureground_pulse
D:5:      layout_rooms, mainiacjoe_overflow_cross_hatched,
          nicolae_uskayaw_murder_on_the_dancefloor, minmay_temple_entry_ruins,
          bh_walls_and_bars
D:6:      layout_loops_ring, serial_shops, shop, uniq_maggie, uniq_menkaure

Skill      XL: |  1  2  3  4  5  6  7 |
---------------+----------------------+-----
Stealth        | 5 6 7 |  7.9
Short Blades   | 2 3 4 |  4.6
Hexes          | 1 2 |  2.0
Fighting       | |  1.7
Throwing       | |  1.7
Dodging        | |  0.7

Action                   |  1- 3 |  4- 6 |  7- 9 || total
-------------------------+-------+-------+-------++-------
Melee: Dagger            |    78 |   159 |    15 ||   252
       Bite              |    17 |    39 |     7 ||    63
       Punch             |     1 |     1 |       ||     2
Throw: Dart              |     2 |       |     1 ||     3
 Stab: Sleeping          |     9 |    10 |       ||    19
Armor: Robe              |    13 |    35 |     4 ||    52
Dodge: Dodged            |    39 |    56 |    11 ||   106
Block: Buckler           |       |    10 |       ||    10

Table legend: (Time is in decaauts)
 A = Elapsed time spent in this place.
 B = Non-inter-level travel time spent in this place.
 C = Inter-level travel time spent in this place.
 D = Time resting spent in this place.
 E = Time spent auto-exploring this place.
 F = Levels seen in this place.
 G = Mean time per level.
                   A        B        C        D        E       F      G
               +--------+--------+--------+--------+--------+-----+--------+
         Total |   3709 |   3579 |    130 |    322 |   2602 |   6 |  618.2 |
       Dungeon |   3709 |   3579 |    130 |    322 |   2602 |   6 |  618.2 |
               +--------+--------+--------+--------+--------+-----+--------+

Top non-repeatable levels by time:
     D:1: 1142 daAuts
     D:2: 908 daAuts
     D:3: 839 daAuts
     D:4: 576 daAuts
     D:5: 125 daAuts
     D:6: 118 daAuts
